Match 45862938
Unlisted

Match 45862938
End
Royal Engineer Section
Vickers Machine Gun Team
Selects Air and Sea Battlegroup
Construct Section Command Post
Infantry Section
Infantry Section
Construct Field Infirmary
Construct Platoon Command Post
Selects Commando Section Paradrop
Selects Commando Support Section Paradrop
Humber Armored Car
Commando Support Section Paradrop
Infantry Training
Selects Supply Surplus
6-pounder Anti-tank Gun Team
Construct Company Command Post
Foot Guards Section
Foot Guards Section
AI Takeover
CAuMOH
✠Kaiser✠ tushkan
Evelynn
Stana
0
0

Comments sign in to comment!

No comments posted yet!